AoeStats
← maltax3

Arena

510455407Analyzed
3v3 RM · 1d ago on Oct 1, 2026· 45m 23s· 6 players
Game mode
Random Map
Map size
Normal (6 player)
Population
200
Speed
Normal
Resources
Standard
Victory
Conquest
Starting age
Dark Age
Ending age
Imperial Age
RankedLock teamsTeams togetherTeam positionsShared explorationLock speedFull tech treeHidden civsTurbo modeCheats
Victory
Defeat
🇨🇱 Mapuche · Chile
1021
+14
🇨🇱 Franks · Chile
992
+15
🇦🇷 Varangians · Argentina
972
+15
🇺🇸 Aztecs · United States
1010
-17
🇺🇸 Vikings · United States
973
-15
🇺🇸 Bohemians · United States
910
-12
FunCoolDad
10:32 Feudal Age
11:11 Double-Bit Axe
11:14 Horse Collar
20:06 Castle Age
21:03 Bow Saw
23:22 Scale Mail Armor
23:33 Forging
24:53 Loom
25:39 Chain Mail Armor
26:04 Iron Casting
34:25 Imperial Age
33:32 Padded Archer Armor
33:22 Fletching
34:05 Chieftains
34:03 Crossbowman
34:45 Bodkin Arrow
35:06 Leather Archer Armor
35:21 Arbalester
36:26 Ballistics
37:07 Chemistry
39:30 Bracer
40:04 Plate Mail Armor
40:35 Blast Furnace
39:18 Man-at-Arms
39:24 Pikeman
44:28 Conscription
tiptoe.mouse
10:42 Feudal Age
11:19 Horse Collar
16:21 Castle Age
14:56 Double-Bit Axe
15:36 Man-at-Arms
17:24 Bow Saw
17:47 Long Swordsman
18:46 Fervor
20:46 Scale Mail Armor
20:57 Forging
23:03 Sanctity
23:44 Iron Casting
23:51 Sanctity
24:29 Squires
24:32 Pikeman
25:33 Gambesons
26:25 Gold Mining
26:38 Heavy Plow
27:50 Wheelbarrow
32:14 Imperial Age
31:34 Redemption
31:24 Loom
33:45 Chain Mail Armor
34:31 Blast Furnace
33:37 Two-Handed Swordsman
34:20 Onager
34:42 Champion
37:48 Garland Wars
38:07 Block Printing
38:28 Hand Cart
41:27 Elite Jaguar Warrior
43:09 Plate Mail Armor
GreatGunsOfFire
11:31 Feudal Age
12:28 Double-Bit Axe
12:26 Horse Collar
20:05 Castle Age
24:40 Heavy Plow
28:13 Bow Saw
28:23 Padded Archer Armor
28:55 Siphons
31:09 Chemistry
32:28 Scale Mail Armor
32:43 Forging
35:12 Imperial Age
33:18 Wheelbarrow
32:42 Pikeman
35:26 Halberdier
37:42 Elite Skirmisher
43:11 Two-Man Saw
43:52 Ballistics
maltax3
10:56 Feudal Age
11:21 Double-Bit Axe
16:19 Castle Age
15:56 Wheelbarrow
15:57 Gold Mining
16:35 Stone Mining
17:54 Bow Saw
19:45 Husbandry
23:40 Forging
25:13 Scale Barding Armor
26:14 Iron Casting
25:31 Loom
26:28 Gold Shaft Mining
27:45 Hand Cart
31:30 Imperial Age
31:41 Chain Barding Armor
31:22 Town Watch
32:16 Cavalier
33:59 Blast Furnace
33:34 Siege Engineers
34:30 Chemistry
34:26 Plate Barding Armor
35:48 Chivalry
36:09 Conscription
38:34 Masonry
37:59 Paladin
40:10 Fletching
44:05 Caravan
Keikz
12:00 Feudal Age
13:32 Loom
16:03 Castle Age
14:28 Stone Mining
14:47 Horse Collar
16:34 Double-Bit Axe
18:50 Heavy Plow
22:26 Wheelbarrow
24:36 Forging
24:32 Scale Barding Armor
26:37 Iron Casting
31:02 Imperial Age
28:35 Town Watch
29:52 Chain Barding Armor
29:58 Bloodlines
31:00 Hand Cart
33:27 Crop Rotation
33:00 Town Patrol
35:28 Chemistry
34:35 Elite Jarl
35:47 Husbandry
40:44 Blast Furnace
42:46 Conscription
44:59 Elite Varangian Guard
45:41 Squires
45:27 Arson
45:29 Gambesons
Hinokami
11:31 Feudal Age
9:52 Loom
11:38 Feudal Age
13:47 Wheelbarrow
13:04 Double-Bit Axe
13:01 Horse Collar
13:30 Town Watch
19:31 Castle Age
18:15 Fletching
18:26 Padded Archer Armor
20:30 Gold Mining
21:21 Bodkin Arrow
21:33 Elite Skirmisher
23:00 Bow Saw
23:22 Leather Archer Armor
27:00 Ballistics
31:21 Hand Cart
31:27 Heavy Plow
35:33 Imperial Age
34:55 Treadmill Crane
35:25 Masonry
35:20 Town Patrol
36:38 Malon
38:15 Crop Rotation
41:55 Conscription
41:09 Capped Ram
43:33 Chemistry
43:05 Architecture
45:10 Bombard Tower
Connection lost

Rejoining the realm…

Still unreachable

The connection could not be restored.

Session expired

The server has moved on; the page needs a fresh start.